 Dungeon Crawl Stone Soup version 0.27-a0-1154-gfdeffcb720 (webtiles) character file.

Game seed: 8105365966501048875

64 Froggeryz the Ruffian (level 4, 12/33 HPs)
             Began as a Ghoul Wanderer on May 14, 2021.
             Quit the game on level 3 of the Dungeon.
             The game lasted 00:02:16 (2836 turns).

Froggeryz the Ruffian (Ghoul Wanderer)              Turns: 2836, Time: 00:02:17

Health: 12/33      AC:  5    Str: 11 (14) XL:     4   Next: 12%
Magic:  5/5        EV:  9    Int:  7 (9)  God:
Gold:   92         SH:  0    Dex:  5 (8)  Spells: 6/6 levels left

rFire    . . .     SeeInvis .     - Unarmed
rCold    + . .     Faith    .   (no shield)
rNeg     + + +     Spirit   .   i - +0 ring mail
rPois    ∞         Reflect  .   (no helmet)
rElec    .         Harm     .   (no cloak)
rCorr    +         Rampage  .   (no gloves)
Will     .....                  (no boots)
Stlth    ..........             (no amulet)
HPRegen  0.00/turn              d - ring of resist corrosion
MPRegen  0.09/turn              (no ring)

@: no status effects
A: claws 1, cold resistance 1, negative energy resistance 3, inhibited
regeneration, torment resistance 2
a: no special abilities


You were on level 3 of the Dungeon.
You visited 1 branch of the dungeon, and saw 3 of its levels.

You collected 92 gold pieces.

Inventory:

Hand Weapons
 a - a +0 club
Missiles
 g - 3 silver boomerangs (quivered)
Armour
 i - a +0 ring mail (worn)
Jewellery
 d - a ring of resist corrosion (left claw)
Potions
 c - a potion of mutation


   Skills:
 - Level 1.1 Stealth
 - Level 1.0 Shields
 * Level 4.0 Unarmed Combat
 - Level 1.7 Spellcasting
 - Level 2.1 Ice Magic
 - Level 2.4 Air Magic
 - Level 1.0 Poison Magic


You had 6 spell levels left.
You didn't know any spells.
Your spell library contained the following spells:

 Spells                   Type           Power      Damage    Failure   Level
 Sting                    Tmut/Pois      4%         1d3       61%         1
 Magic Dart               Conj           0%         1d3       67%         1
 Blink                    Tloc           N/A        N/A       82%         2
 Call Imp                 Summ           0%         N/A       82%         2
 Slow                     Hex            0%         N/A       82%         2
 Mephitic Cloud           Conj/Pois/Air  2%         N/A       88%         3
 Conjure Flame            Conj/Fire      0%         6-21      96%         3


Dungeon Overview and Level Annotations

Branches:
Dungeon (3/15)

Altars:


Innate Abilities, Weirdness & Mutations

You thrive by killing the living.
You are immune to poison.
You have sharp fingernails.
Your flesh is cold resistant. (rC+)
You are immune to negative energy. (rN+++)
You do not regenerate when monsters are visible.
You are immune to unholy pain and torment.


Message History

Found 14 gold pieces.
An adder comes into view.
The adder moves out of view.
The adder hisses angrily.
Found a stone staircase leading up.
You barely miss the adder.
An adder comes into view.
The adder bites you.
You closely miss the adder.
The adder hisses angrily.
The adder closely misses you. The gnoll barely misses you.
You completely miss the adder. The adder bites you but does no damage.
An adder comes into view.
The gnoll closely misses you.
As you read the scroll labelled HEPPUFO FITHRUADGH, it crumbles to dust.
The creatures around you are filled with an inner flame!
It was a scroll of immolation.
The adder hisses angrily.
The adder completely misses you. The adder misses you.
The gnoll hits you with a +0 flail!
As you read the scroll labelled BUQIFI FIEMOTU, it crumbles to dust.
It is a scroll of identify.
c - a potion of mutation The adder bites you.
The gnoll barely misses you.
It was a potion of degeneration.
There was something very wrong with that liquid.
You feel weakened.
You feel dopey.
You feel clumsy. The adder bites you but does no damage.
The gnoll barely misses you.
It was a potion of curing.
You feel better. The adder bites you. The gnoll hits you with a +0 flail.
The adder barely misses you.
You closely miss the adder. The adder barely misses you.
The gnoll hits you with a +0 flail.
You barely miss the adder. The adder closely misses you.
You miss the adder. The gnoll closely misses you. The adder misses you.
You aren't carrying any scrolls.
You aren't carrying any scrolls.
Okay, then.
Unknown command.
Unknown command.
Are you sure you want to abandon this character and quit the game? (Confirm with "yes".)

###### #.... # ..g#.# #
...#.###
..#..############.......
<...SSS@gggg............
###..#########.##.#####$
... #.##.# # #.##g#
#.##.# #.##.# #.##.#
..##.# #.#


You could see 3 gnolls, 3 adders and a goblin (inner flame).

Vanquished Creatures
  2 adders (D:2)
  A worm (D:2)
  A dart slug (D:1)
  2 ball pythons
  5 endoplasms
  3 giant cockroaches
  4 goblins
  4 hobgoblins
  5 jackals (D:1)
  A kobold (D:1)
  A quokka (D:1)
  3 bats
  A frilled lizard (D:1)
  3 rats
36 creatures vanquished.

Notes
Turn   | Place    | Note
-------+----------+-------------------------------------------
     0 | D:1      | Froggeryz the Ghoul Wanderer began the quest for the Orb.
     0 | D:1      | Froggeryz set off with the following items: a +0 club, a
                  | scroll of teleportation, a +0 robe; and the following
                  | spells available to memorise: Sting, Magic Dart, Blink,
                  | Call Imp, Slow, Mephitic Cloud, Conjure Flame
     0 | D:1      | Reached XP level 1. HP: 14/14 MP: 2/2
   493 | D:1      | Reached skill level 1 in Unarmed Combat
   659 | D:1      | Reached XP level 2. HP: 15/20 MP: 3/3
   726 | D:1      | Reached skill level 2 in Unarmed Combat
  1338 | D:1      | Reached XP level 3. HP: 21/26 MP: 4/4
  1454 | D:1      | Reached skill level 3 in Unarmed Combat
  2636 | D:2      | Reached skill level 4 in Unarmed Combat
  2636 | D:2      | Reached XP level 4. HP: 33/33 MP: 5/5
  2836 | D:3      | Quit the game

Illustrated notes

Levels and vault maps discovered:
D:1:      dpeg_arrival_oval, layout_loops_ring
D:2:      layout_loops_ring, minivault_19
D:3:      layout_loops_ring, nicolae_hepliaklqana_monster_ancestors,
          serial_shops, nicolae_shop_crystal

Skill      XL: |  1  2  3 |
---------------+----------+-----
Unarmed Combat | 1 2 4 |  4.0
Stealth        | |  1.1
Shields        | |  1.0
Spellcasting   | |  1.7
Ice Magic      | |  2.1
Air Magic      | |  2.4
Poison Magic   | |  1.0

Action                   |  1- 3 |  4- 6 || total
-------------------------+-------+-------++-------
Melee: Unarmed           |   155 |     6 ||   161
       Club              |     4 |       ||     4
       Punch             |     1 |       ||     1
  Use: Scroll            |     1 |     2 ||     3
       Potion            |       |     2 ||     2
 Stab: Sleeping          |     2 |       ||     2
Armor: Robe              |    20 |       ||    20
       Leather armour    |    25 |       ||    25
       Ring mail         |     2 |     2 ||     4
Dodge: Dodged            |    93 |    12 ||   105

Table legend: (Time is in decaauts)
 A = Elapsed time spent in this place.
 B = Non-inter-level travel time spent in this place.
 C = Inter-level travel time spent in this place.
 D = Time resting spent in this place.
 E = Time spent auto-exploring this place.
 F = Levels seen in this place.
 G = Mean time per level.
                   A        B        C        D        E       F      G
               +--------+--------+--------+--------+--------+-----+--------+
         Total |   2828 |   2719 |    109 |    531 |   1856 |   3 |  942.7 |
       Dungeon |   2828 |   2719 |    109 |    531 |   1856 |   3 |  942.7 |
               +--------+--------+--------+--------+--------+-----+--------+

Top non-repeatable levels by time:
     D:1: 1882 daAuts
     D:2: 924 daAuts
     D:3: 21 daAuts
